 Dungeon Crawl Stone Soup version 0.30-a0-1160-g6e42c06551 (webtiles) character file.

Game seed: 9274703029869139948

896 greenreed the Ruffian (level 7, -10/56 HPs)
             Began as a Troll Fighter on Apr 26, 2023.
             Was a Priest of Wu Jian.
             Mangled by a small abomination (16 damage)
             ... on level 1 of the Abyss.
             The game lasted 00:10:06 (2528 turns).

greenreed the Ruffian (Troll Fighter)               Turns: 2528, Time: 00:10:08

Health: -10/56     AC:  9    Str: 23      XL:     7   Next: 79%
Magic:  4/4        EV:  8    Int:  3 (4)  God:    Wu Jian [***...]
Gold:   158        SH:  7    Dex:  3 (5)  Spells: 6/6 levels left

rFire   . .          .
                       - Unarmed
rCold   x x .        b - +0 kite shield
rNeg    . . .        g - +0 troll leather armour
rPois   .            (helmet restricted)
rElec   .            j - +0 cloak
rCorr   .            (gloves unavailable)
SInv    .            (boots unavailable)
Will    .....        (no amulet) Stlth
                     s - +4 ring of protection
HPRegen 0.00/turn    (no ring)
MPRegen 0.09/turn

%: random rage (9%)
@: sick, unable to read
A: large, unfitting armour, claws 3, regeneration 1, shaggy fur 1, tough skin 1,
[berserk 2], [clumsy 2], [deformed body], [deterioration 2], [frail 2], [low MP
2], [weak 2], [cold vulnerability 2], [subdued magic 3], [inability to read
after injury 2]
a: Renounce Religion, Wall Jump, Serpent's Lash


You were on level 1 of the Abyss.
You worshipped Wu Jian.
Wu Jian was most pleased with you.
You visited 1 branch of the dungeon, and saw 4 of its levels.
You visited the Abyss 1 time.
You also visited: Sewer.

You collected 158 gold pieces.

Inventory:

Armour
 b - a +0 kite shield (worn)
 g - a +0 troll leather armour (worn)
 j - a +0 cloak (worn)
Jewellery
 s - a +4 ring of protection (left claw)
 t - a +6 ring of intelligence
Wands
 m - a wand of quicksilver (7)
Scrolls
 d - a scroll of fog {unknown}
 h - a scroll of identify {unknown}
 l - a scroll of amnesia {unknown}
 o - a scroll of enchant weapon {unknown}
 p - a scroll of butterflies {unknown}
 q - a scroll of fear {unknown}
Potions
 a - a potion of flight {unknown}
 c - a potion of might
 e - a potion of cancellation {unknown}
 f - 3 potions of attraction {unknown}
 i - a potion of haste {unknown}
 k - 3 potions of mutation {unknown}
 n - a potion of resistance {unknown}
 r - a potion of curing {unknown}


   Skills:
 * Level 4.8 Fighting
 + Level 3.8 Dodging
 + Level 4.3 Shields
 * Level 5.4 Unarmed Combat


You had 6 spell levels left.
You didn't know any spells.
Your spell library contained the following spells:

 Spells                   Type           Power      Damage    Failure   Level
 Freeze                   Ice            0%         1d3       73%         1
 Magic Dart               Conj           0%         1d3       73%         1
 Necrotise                Necr           0%         1d4       73%         1
 Call Imp                 Summ           0%         N/A       87%         2
 Frozen Ramparts          Ice            0%         1d1       98%         3
 Hailstorm                Conj/Ice       0%         3d3       98%         3
 Mephitic Cloud           Conj/Pois/Air  0%         N/A       98%         3
 Vampiric Draining        Necr           0%         2d6       98%         3
 Vhi's Electric Charge    Tloc/Air       0%         N/A       98%         3
 Agony                    Necr           0%         N/A       100%        5
 Arcjolt                  Conj/Air       0%         1d10      100%        5
 Maxwell's Capacitive Co  Air            0%         ∞         100%        8


Dungeon Overview and Level Annotations

Branches:
Dungeon (4/15)              Sewer (visited)
 Temple: D:4-7

Altars:
Wu Jian

Annotations:
D:4 Edmund


Innate Abilities, Weirdness & Mutations

You are too large for most types of armour.
You have claws for hands.
Your natural rate of healing is unusually fast.
You are covered in fur. (AC +1)
You have tough skin. (AC +1)
[You have an uncontrollable temper.]
[You are very clumsy. (Dex -4)]
[Armour fits poorly on your strangely shaped body.]
[Your body often deteriorates upon taking damage.]
[You are very frail. (-20% HP)]
[Your magical capacity is very low. (-20% MP)]
[You are very weak. (Str -4)]
[You are very vulnerable to cold. (rC--)]
[Your spells are much easier to cast, but much less powerful.]
[You sometimes lose the ability to read scrolls when taking damage.]


Message History

You block the small abomination's attack.
The small abomination attacks as you move away!
The small abomination closely misses you.
You can read scrolls again.
You spin and attack the small abomination.
You claw the small abomination!
The small abomination is heavily damaged.
The wretched star pulses with an eldritch light!
You feel weaker. x2
You block the small abomination's attack.
You feel ill.
Found a corrupted altar of Lugonu.
The wretched star pulses with an eldritch light!
You feel less energetic. x2
The wretched star pulses with an eldritch light!
You feel clumsy. x2
You spin and attack the small abomination.
You scratch the small abomination.
The small abomination is heavily damaged.
The small abomination hits you but does no damage.
The small abomination hits you but does no damage.
A glowing orange brain comes into view.
The glowing orange brain turns its attention towards you.
The small abomination attacks as you move away!
The small abomination hits you!
You feel threatened and lose the ability to read scrolls!
* * * LOW HITPOINT WARNING * * *
Your body deteriorates!
You feel clumsy.
You can read scrolls again.
You feel ill.
The small abomination attacks as you move away!
You block the small abomination's attack.
The glowing orange brain pulsates.
The small abomination attacks as you move away!
The small abomination hits you!
You feel threatened and lose the ability to read scrolls!
* * * LOW HITPOINT WARNING * * *
Your body deteriorates!
You feel clumsy. The small abomination hits you!
You die...

..##. ###. ...#.
. ....####.... #.
#... ...#..#.. ..
..###...#..# .#..
##..#....#.#.....
#..#.###.#.....#
##..*Gx.x@#
#..#.x#.###
#.###.#.# #..
..... ##. ##.....
. ...#.## *.
#..#.## ## .##.#.


You could see a wretched star, a glowing orange brain, 2 ancient zymes and a
small abomination.

Vanquished Creatures
  Grinder (D:4)
  2 kobold brigands (Sewer)
  5 wights (D:4)
  A hound (D:3)
  Ijyb (D:3)
  3 orc wizards (D:3)
  4 adders
  7 river rats (Sewer)
  2 worms
  A dart slug (D:1)
  The ghost of RepHenryClay the Sneak, a weakling VSDe (D:3)
  6 orcs (D:3)
  10 ball pythons
  3 endoplasms (D:3)
  5 giant cockroaches
  3 goblins
  2 hobgoblins
  3 jackals (Sewer)
  9 kobolds
  5 quokkas
  2 bats (D:1)
  5 frilled lizards
  6 rats
87 creatures vanquished.

Vanquished Creatures (others)
  A plant (Sewer)
1 creature vanquished.

Grand Total: 88 creatures vanquished

Notes
Turn   | Place    | Note
-------+----------+-------------------------------------------
     0 | D:1      | greenreed the Troll Fighter began the quest for the Orb.
     0 | D:1      | Reached XP level 1. HP: 22/22 MP: 0/0
   102 | D:1      | Found a faded altar of an unknown god.
   170 | D:1      | Prayed at the altar of an unknown god.
   170 | D:1      | Became a worshipper of the Wu Jian Council
   170 | D:1      | Reached * piety under Wu Jian
   306 | D:1      | Reached XP level 2. HP: 29/29 MP: 1/1
   955 | D:3      | Reached XP level 3. HP: 36/36 MP: 2/2
   959 | D:3      | Reached XP level 4. HP: 45/45 MP: 3/3
   960 | D:3      | Reached ** piety under Wu Jian
   964 | D:3      | Reached skill level 3 in Unarmed Combat
   970 | D:3      | Noticed Ijyb
   982 | D:3      | Killed Ijyb
  1029 | D:3      | Found a glowing drain.
  1041 | Sewer    | Entered a sewer
  1061 | Sewer    | Noticed a kobold brigand
  1062 | Sewer    | Reached XP level 5. HP: 53/53 MP: 4/4
  1287 | Sewer    | Reached XP level 6. HP: 62/62 MP: 5/5
  1309 | Sewer    | Reached skill level 4 in Unarmed Combat
  1702 | D:3      | Found a runed translucent gate.
  1705 | D:3      | Found a runed translucent gate.
  1705 | D:3      | Found a runed translucent gate.
  1706 | D:3      | Noticed RepHenryClay's ghost (weakling VSDe)
  1712 | D:3      | Killed RepHenryClay's ghost
  1816 | D:3      | Reached *** piety under Wu Jian
  1845 | D:3      | Found an ornate altar of the Wu Jian Council.
  2264 | D:4      | Noticed Grinder
  2282 | D:4      | Reached XP level 7. HP: 68/70 MP: 6/6
  2288 | D:4      | Paralysed by Grinder for 2 turns
  2302 | D:4      | Reached skill level 5 in Unarmed Combat
  2303 | D:4      | Killed Grinder
  2326 | D:4      | Noticed Edmund
  2363 | Abyss:1  | Cast into level 1 of the Abyss (Edmund)
  2384 | Abyss:1  | Noticed a tentacled starspawn
  2420 | Abyss:1  | Found a broken altar of Ashenzari.
  2428 | Abyss:1  | Found a corrupted altar of Lugonu.
  2452 | Abyss:1  | Noticed a wretched star
  2467 | Abyss:1  | Noticed a neqoxec
  2488 | Abyss:1  | Noticed an ancient zyme
  2493 | Abyss:1  | Found a corrupted altar of Lugonu.
  2514 | Abyss:1  | Found a corrupted altar of Lugonu.
  2522 | Abyss:1  | Noticed a glowing orange brain
  2528 | Abyss:1  | Noticed an ancient zyme
  2528 | Abyss:1  | Mangled by a small abomination

Illustrated notes

Levels and vault maps discovered:
D:1:      dpeg_arrival_pits, layout_rooms,
          hellmonk_ecumenical_altar_inner_sanctum, grunt_decor_cap
D:2:      layout_basic
D:3:      layout_basic, mainiacjoe_overflow_tiny_flanked, portal_sewer_entry_b,
          gammafunk_ghost_split, grunt_ministairs_14, uniq_ijyb
D:4:      layout_loops_cross, nicolae_hexahallways, uniq_edmund, uniq_grinder
Abyss:1:  base: D:3, spicy_abyss_unhelpful_harpoons

Skill      XL: |  1  2  3  4  5  6  7 |
---------------+----------------------+-----
Fighting       | 3 4 |  4.8
Shields        | 3 4 |  4.3
Unarmed Combat | 3 4 5 |  5.4
Dodging        | 3 |  3.8

Action                     |  1- 3 |  4- 6 |  7- 9 || total
---------------------------+-------+-------+-------++-------
  Melee: Unarmed           |    67 |   201 |    43 ||   311
 Invoke: Serpent's Lash    |       |       |     1 ||     1
Ability: Lunge             |     9 |    13 |     1 ||    23
         Whirlwind         |     2 |    28 |    21 ||    51
         Wall Jump         |       |       |     1 ||     1
 Armour: Troll leather arm |    18 |    46 |    17 ||    81
         Robe              |     4 |       |       ||     4
  Dodge: Dodged            |    15 |    52 |    13 ||    80
  Block: Kite shield       |    18 |    66 |    36 ||   120

Table legend: (Time is in decaauts)
 A = Elapsed time spent in this place.
 B = Non-inter-level travel time spent in this place.
 C = Inter-level travel time spent in this place.
 D = Time resting spent in this place.
 E = Time spent auto-exploring this place.
 F = Levels seen in this place.
 G = Mean time per level.
                   A        B        C        D        E       F      G
               +--------+--------+--------+--------+--------+-----+--------+
         Total |   2536 |   2437 |     99 |      0 |   1609 |   6 |  422.7 |
       Dungeon |   1760 |   1661 |     99 |      0 |   1149 |   4 |  440.0 |
         Abyss |    164 |    164 |      0 |      0 |     20 |   1 |  164.0 |
         Sewer |    611 |    611 |      0 |      0 |    440 |   1 |  611.0 |
               +--------+--------+--------+--------+--------+-----+--------+

Top non-repeatable levels by time:
     D:3: 653 daAuts
   Sewer: 611 daAuts
     D:1: 530 daAuts
     D:2: 332 daAuts
     D:4: 242 daAuts
 Abyss:1: 164 daAuts
